 Dungeon Crawl Stone Soup version 0.22-a0-750-ga7dcef7 (webtiles) character file.

8761 chorionicmirror the Fighter (level 11, -12/135 HPs)
             Began as a Demonspawn Gladiator on July 15, 2018.
             Was a Priest of Nemelex Xobeh.
             Mangled by a death yak (20 damage)
             ... on level 11 of the Dungeon.
             The game lasted 00:59:43 (9618 turns).

chorionicmirror the Fighter (Demonspawn Gladiator)  Turns: 9618, Time: 00:59:46

Health: -12/135    AC: 12    Str: 23    XL:     11   Next: 14%
Magic:  14/14      EV: 20    Int:  9    God:    Nemelex Xobeh [***...]
Gold:   749        SH:  0    Dex: 26    Spells: 11/12 levels left

rFire    + . .     SeeInvis .   Y - +2 scimitar
rCold    . . .     Gourm    .   (no shield)
rNeg     . . .     Faith    .   q - +2 ring mail {rF+}
rPois    .         Spirit   .   (helmet restricted)
rElec    .         Reflect  .   (no cloak)
rCorr    .         Harm     .   E - +0 pair of gloves
MR       +....                  I - +0 pair of boots
Stlth    ..........             l - amulet of regeneration
HPRegen  0.72/turn              m - ring of protection from magic
MPRegen  0.14/turn              z - +6 ring of dexterity

@: mighty, agile, berserking, very quick
A: horns 1, icy blue scales 1, powered by pain 1, rot immunity
a: Triple Draw, Renounce Religion


You were on level 11 of the Dungeon.
You worshipped Nemelex Xobeh.
Nemelex Xobeh was most pleased with you.
You were not hungry.

You visited 2 branches of the dungeon, and saw 12 of its levels.

You collected 749 gold pieces.

Inventory:

Hand Weapons
 L - a +1 flail of venom
 Y - a +2 scimitar (weapon)
Missiles
 b - 10 steel tomahawks
 d - 3 throwing nets (quivered)
 k - 53 sling bullets
 o - 7 silver javelins
 p - 6 tomahawks of returning
 t - 36 bolts
 A - 147 arrows
Armour
 q - a +2 ring mail of fire resistance (worn)
 E - a +0 pair of gloves (worn)
 I - a +0 pair of boots (worn)
Jewellery
 c - an uncursed amulet of faith
 l - an amulet of regeneration (around neck)
 m - a ring of protection from magic (left hand)
 z - a +6 ring of dexterity (right hand)
 K - an uncursed ring of wizardry
Wands
 a - a wand of enslavement (14)
 j - a wand of digging (30)
 n - a wand of disintegration (13)
 D - a wand of polymorph (24)
 F - a wand of iceblast (23)
 M - a wand of paralysis (17)
 T - a wand of flame (11)
 V - a wand of random effects (31)
Scrolls
 r - 3 scrolls of amnesia
 s - a scroll of enchant weapon
 w - 5 scrolls of teleportation
 y - 2 scrolls of fog
 G - 2 scrolls of remove curse
 X - 5 scrolls of identify
Potions
 e - a potion of berserk rage
 g - a potion of might
 h - 2 potions of haste
 v - 3 potions of flight
 x - 2 potions of invisibility
 B - a potion of curing
 Q - a potion of mutation
 S - a potion of ambrosia
 U - a potion of degeneration {unknown}
Miscellaneous
 C - a plain deck of destruction {drawn: 2}
 H - a plain deck of destruction
 J - a plain deck of escape
 P - an ornate deck of destruction
 R - a plain deck of destruction
 W - a legendary deck of summoning {drawn: 2}
Comestibles
 f - 26 rations


   Skills:
 - Level 10.0 Fighting
 * Level 9.8 Long Blades
 - Level 2.0 Throwing
 + Level 5.2 Armour
 + Level 4.4 Dodging
 - Level 1.0 Stealth
 - Level 1.0 Spellcasting
 - Level 4.1 Necromancy
 - Level 5.0 Invocations
 - Level 4.0 Evocations


You had 11 spell levels left.
You knew the following spells:

 Your Spells              Type           Power        Failure   Level  Hunger
a - Animate Skeleton      Necr           N/A          11%         1    ##.....

Your spell library contained the following spells:

 Spells                   Type           Power        Failure   Level  Hunger
 Apportation              Tloc           #.....       50%         1    ##.....
 Confuse                  Hex            #.......     86%         3    ####...
 Throw Frost              Conj/Ice       #.....       63%         2    ###....
 Summon Small Mammal      Summ           #...         50%         1    ##.....
 Freeze                   Ice            #...         50%         1    ##.....
 Summon Ice Beast         Ice/Summ       #.......     99%         4    #####..
 Ozocubu's Armour         Chrm/Ice       #.......     86%         3    ####...
 Throw Icicle             Conj/Ice       #.......     99%         4    #####..
 Confusing Touch          Hex            #.....       50%         1    ##.....
 Metabolic Englaciation   Hex/Ice        #.........   100%        5    ######.
 Petrify                  Tmut/Erth      #.......     99%         4    #####..
 Gell's Gravitas          Tloc           #.........   86%         3    ####...
 Yara's Violent Unravell  Hex/Tmut       #.........   100%        5    ######.


Dungeon Overview and Level Annotations

Branches:
Dungeon (11/15)            Temple (1/1) D:4             Orc (0/2) D:10
   Lair: D:8-11

Altars:
Ashenzari
Cheibriados
Dithmenos
Elyvilon
Fedhas
Gozag
Hepliaklqana
Kikubaaqudgha
Makhleb
Nemelex Xobeh
Okawaru
Qazlal
Ru
Sif Muna
Trog
Uskayaw
Vehumet
Wu Jian
Xom
Yredelemnul
Zin
The Shining One


Innate Abilities, Weirdness & Mutations

You have a pair of small horns on your head.
You are partially covered in icy blue scales. (AC +2)
You sometimes gain a little power by taking damage.
You are immune to rotting.


Message History

The death yak gores you but does no damage.
Okay, then.
Evoke which item? (* to show all) (? for menu, Esc to quit)
You draw a card...
It is the Elements.
The black mamba closely misses your shock serpent.
The death yak gores you!!
* * * LOW HITPOINT WARNING * * *
The black mamba closely misses your shock serpent.
The death yak misses you.
You riposte.
You hit the death yak.
The death yak is moderately wounded.
Something bites your shock serpent!
Your shock serpent's electric aura discharges, shocking something!
Something barely misses your shock serpent. x2
A red film seems to cover your vision as you go berserk!
You feel yourself moving faster!
You feel mighty!
The black mamba bites your shock serpent!
Your shock serpent's electric aura discharges, shocking the black mamba!
The death yak gores you!!
You die...
Your body glows slightly and disappears.

.. .. Y ####Y
##..$.### ......Y.#
###+##### .......S###
#.......# .......SYY#
#.......+
........#@####.......#
........#8D..#:<.....#
........####.'.......#
........# ###.......#
.(......# #.......#
........# #.......#
....... #.......#
#########


You could see 2 death yaks, a black mamba, 3 yaks, a friendly iron golem, a
friendly ice dragon and a friendly shock serpent.

Vanquished Creatures
  A death yak (D:11)
  An ugly thing (D:9)
  Joseph (D:7)
  Grinder (D:6)
  A hornet (D:11)
  A wraith (D:10)
  A steam dragon (D:8)
  3 hungry ghosts
  Edmund (D:6)
  A two-headed ogre zombie (D:10)
  Duvessa (D:4)
  3 orc warriors
  An ice beast (D:7)
  2 sky beasts
  8 ogres
  3 centaurs
  4 big kobolds
  5 bullfrogs
  A water moccasin skeleton (D:9)
  Dowan (D:4)
  5 wights (D:10)
  A killer bee (D:8)
  2 howler monkeys
  2 crimson imps
  3 hounds
  A quasit (D:9)
  2 centaur zombies
  7 orc priests
  9 orc wizards
  5 jellies
  A bullfrog skeleton (D:5)
  3 iguanas
  Ijyb (D:4)
  11 worker ants
  A killer bee zombie (D:7)
  3 ogre zombies (D:10)
  A hound skeleton (D:8)
  5 gnolls
  A howler monkey skeleton (D:9)
  9 adders
  2 shadow imps (D:11)
  An ooze (D:7)
  An adder skeleton (D:6)
  3 worms
  5 dart slugs
  A leopard gecko (D:5)
  35 orcs
  2 ball pythons
  4 bats
  8 giant cockroaches
  13 goblins
  9 hobgoblins
  26 jackals
  24 kobolds
  3 quokkas
  3 frilled lizards
  2 goblin skeletons (D:10)
  2 goblin zombies (D:10)
  3 hobgoblin zombies (D:10)
  A leopard gecko skeleton (D:4)
  3 orc skeletons (D:10)
  11 orc zombies (D:10)
  A quokka skeleton (D:7)
  15 rats
  A bush (D:2)
  A plant (D:2)
294 creatures vanquished.

Vanquished Creatures (collateral kills)
  Erolcha (D:9)
  An unseen horror (D:10)
  A cyclops (D:10)
  A hippogriff (D:8)
  An ogre (D:4)
  4 killer bees (D:8)
  2 orc wizards (D:10)
  3 ogre zombies (D:10)
  3 orcs (D:10)
  An orc zombie (D:10)
18 creatures vanquished.

Vanquished Creatures (others)
  Urug (D:10)
  A phantom (D:10)
  A hound (D:10)
  An ogre zombie (D:10)
  2 goblin zombies (D:10)
  An orc skeleton (D:10)
7 creatures vanquished.

Grand Total: 319 creatures vanquished

Notes
Turn   | Place    | Note
-------+----------+-------------------------------------------
     0 | D:1      | chorionicmirror the Demonspawn Gladiator began the quest for the Orb.
     0 | D:1      | Reached XP level 1. HP: 16/16 MP: 1/1
    65 | D:1      | Gained mutation: You are partially covered in icy blue scales. (AC +2) [demonic ancestry]
    65 | D:1      | Reached XP level 2. HP: 22/22 MP: 2/2
   726 | D:1      | Reached XP level 3. HP: 27/27 MP: 4/4
   847 | D:1      | Reached skill level 1 in Spellcasting
   978 | D:1      | Reached skill level 1 in Stealth
  1232 | D:2      | Found a radiant altar of Vehumet.
  1246 | D:2      | Found a sparkling altar of Nemelex Xobeh.
  1275 | D:2      | Became a worshipper of Nemelex Xobeh the Trickster
  1542 | D:2      | Reached skill level 3 in Fighting
  1542 | D:2      | Reached XP level 4. HP: 32/35 MP: 5/5
  1588 | D:2      | Reached skill level 1 in Armour
  2012 | D:3      | Received a gift from Nemelex Xobeh
  2130 | D:3      | Reached XP level 5. HP: 39/41 MP: 6/6
  2315 | D:3      | Reached * piety under Nemelex Xobeh
  2472 | D:4      | Found a staircase to the Ecumenical Temple.
  2507 | Temple   | Entered the Ecumenical Temple
  2564 | Temple   | Received a gift from Nemelex Xobeh
  2726 | D:4      | Noticed Dowan
  2733 | D:4      | Killed Dowan
  2733 | D:4      | Gained mutation: You sometimes gain a little power by taking damage. [demonic ancestry]
  2733 | D:4      | Reached XP level 6. HP: 45/47 MP: 7/7
  2734 | D:4      | Noticed Duvessa
  2759 | D:4      | Killed Duvessa
  2891 | D:4      | Reached skill level 4 in Fighting
  2993 | D:4      | Reached ** piety under Nemelex Xobeh
  3209 | D:4      | Gained mutation: You are immune to rotting. [demonic ancestry]
  3209 | D:4      | Reached XP level 7. HP: 54/54 MP: 8/8
  3405 | D:5      | Entered Level 5 of the Dungeon
  3446 | D:5      | Found a bloodstained altar of Trog.
  3489 | D:5      | Noticed Ijyb
  3528 | D:4      | Killed Ijyb
  3704 | D:5      | Reached skill level 5 in Fighting
  3946 | D:5      | Reached skill level 5 in Long Blades
  3977 | D:5      | Gained mutation: You have a pair of small horns on your head. [demonic ancestry]
  3977 | D:5      | Reached XP level 8. HP: 31/64 MP: 9/9
  4178 | D:5      | Received a gift from Nemelex Xobeh
  4298 | D:5      | Reached skill level 6 in Fighting
  4315 | D:5      | Found a burning altar of Makhleb.
  4685 | D:6      | Noticed Grinder
  4704 | D:6      | Killed Grinder
  4704 | D:6      | Reached skill level 7 in Fighting
  4744 | D:6      | Reached skill level 1 in Invocations
  4765 | D:6      | Received a gift from Nemelex Xobeh
  4775 | D:6      | Learned a level 1 spell: Animate Skeleton
  4792 | D:6      | Reached skill level 1 in Evocations
  4881 | D:6      | Noticed Edmund
  4895 | D:6      | Killed Edmund
  4895 | D:6      | Reached skill level 1 in Necromancy
  5059 | D:6      | Reached *** piety under Nemelex Xobeh
  5179 | D:6      | Received a gift from Nemelex Xobeh
  5502 | D:7      | Reached XP level 9. HP: 26/72 MP: 11/11
  5517 | D:7      | HP: 5/108 [orc priest/divine providence (10)]
  5660 | D:7      | Received a gift from Nemelex Xobeh
  5842 | D:7      | Reached skill level 5 in Invocations
  6300 | D:7      | Noticed Joseph
  6311 | D:7      | Killed Joseph
  6569 | D:8      | Reached skill level 8 in Fighting
  6673 | D:8      | Received a gift from Nemelex Xobeh
  6976 | D:8      | Reached XP level 10. HP: 81/82 MP: 13/13
  7085 | D:8      | Reached **** piety under Nemelex Xobeh
  7381 | D:9      | Reached skill level 9 in Fighting
  7590 | D:9      | Noticed a brown ugly thing
  7605 | D:9      | Killed a brown ugly thing
  7723 | D:9      | Found a basalt altar of Yredelemnul.
  7761 | D:9      | Received a gift from Nemelex Xobeh
  8021 | D:9      | Found a shadowy altar of Dithmenos.
  8048 | D:9      | Noticed Erolcha
  8066 | D:9      | Killed Erolcha
  8310 | D:10     | Entered Level 10 of the Dungeon
  8374 | D:10     | Found a staircase to the Orcish Mines.
  8486 | D:10     | Reached skill level 10 in Fighting
  8787 | D:10     | Found a shadowy altar of Dithmenos.
  8933 | D:10     | Noticed Urug
  8944 | D:10     | Killed Urug
  9071 | D:10     | Received a gift from Nemelex Xobeh
  9339 | D:10     | Noticed a cyclops
  9343 | D:10     | Killed a cyclops
  9343 | D:10     | Reached XP level 11. HP: 32/90 MP: 14/14
  9346 | D:10     | Killed an unseen horror
  9346 | D:10     | Reached skill level 5 in Armour
  9450 | D:11     | Paralysed by a hornet for 2 turns
  9596 | D:11     | Noticed a death yak
  9601 | D:11     | Noticed a death yak
  9605 | D:11     | Noticed a death yak
  9614 | D:11     | Killed a death yak
  9618 | D:11     | Mangled by a death yak

Vault maps used:
D:1:      mushboom_english_gardens
D:2:      grunt_temple_overflow_open, serial_forest, infiniplex_forest_corner_1,
          infiniplex_forest_straight_3, infiniplex_forest_clump_diagonal,
          infiniplex_forest_split, infiniplex_forest_straight_1,
          infiniplex_forest_straight_5, infiniplex_forest_lined_room_3,
          infiniplex_forest_end_double, infiniplex_forest_lined_2,
          infiniplex_forest_corner_2, first_ration
D:4:      minmay_temple_entry_grid, uniq_duvessa
D:5:      makhleb_blood_cavern_becter, basic_altar, uniq_ijyb
D:6:      uniq_edmund, uniq_grinder
D:7:      uniq_joseph
D:8:      blue_anna_alchemist
D:9:      lemuel_crystal_altar, basic_altar, fungi_pond_lemuel,
          lemuel_flame_loot_1, uniq_erolcha
D:10:     zombieorc2_lemuel, basic_altar, uniq_urug
D:11:     dpeg_lair_monsters, uniq_grum
Temple:   regret_index_temple_mists

Skill      XL: |  1  2  3  4  5  6  7  8  9 10 11 |
---------------+----------------------------------+-----
Throwing       | 2 |  2.0
Long Blades    | 3 4 5 6 7 9 |  9.8
Spellcasting   | 1 |  1.0
Dodging        | 3 4 |  4.4
Stealth        | 1 |  1.0
Fighting       | 3 4 5 7 8 10 | 10.0
Armour         | 2 4 5 |  5.2
Invocations    | 3 5 |  5.0
Evocations     | 2 4 |  4.0
Necromancy     | 2 4 |  4.1

Action                   |  1- 3 |  4- 6 |  7- 9 | 10-12 || total
-------------------------+-------+-------+-------+-------++-------
Melee: Long sword        |    92 |       |       |       ||    92
       Dagger            |    30 |   349 |   304 |       ||   683
       Rapier            |       |       |   230 |   326 ||   556
       Headbutt          |       |       |    77 |   113 ||   190
       Scimitar          |       |       |       |    36 ||    36
Evoke: Deck              |       |     1 |     5 |    24 ||    30
  Use: Scroll            |     6 |       |    10 |     5 ||    21
       Potion            |       |     2 |    11 |     3 ||    16
 Stab: Sleeping          |     3 |       |     1 |     2 ||     6
       Distracted        |     1 |       |     2 |     1 ||     4
  Eat: Chunk             |     2 |     6 |     8 |    15 ||    31
       Ration            |       |       |     3 |     1 ||     4
Armor: Leather armour    |    41 |    50 |   163 |       ||   254
       Skin              |       |       |    53 |       ||    53
       Ring mail         |       |       |    41 |   123 ||   164
Dodge: Dodged            |    87 |   125 |   391 |   223 ||   826
       Rpst.: Long sword |    17 |       |       |       ||    17
       Scimitar          |       |       |       |     9 ||     9

Table legend:
 A = Spawn XP
 B = Non-spawn XP
 C = Spawn XP percentage of total XP
 D = Spawn monster count
 E = Non-spawn monster count
 F = Spawn count percentage of total count
 G = Total turns spent on level
                    A         B        C        D         E        F      G
               +---------+---------+-------+---------+---------+-------+---------
         Total |       0 |   12517 |   0.0 |       0 |     317 |   0.0 |  9618
               +---------+---------+-------+---------+---------+-------+---------
           D:1 |       0 |      61 |   0.0 |       0 |      34 |   0.0 |  1213
           D:2 |       0 |      58 |   0.0 |       0 |      17 |   0.0 |   740
           D:3 |       0 |     112 |   0.0 |       0 |      23 |   0.0 |   454
           D:4 |       0 |     690 |   0.0 |       0 |      32 |   0.0 |  1210
           D:5 |       0 |     652 |   0.0 |       0 |      15 |   0.0 |   601
           D:6 |       0 |     945 |   0.0 |       0 |      24 |   0.0 |  1028
           D:7 |       0 |    1818 |   0.0 |       0 |      40 |   0.0 |  1159
           D:8 |       0 |    1572 |   0.0 |       0 |      34 |   0.0 |   813
           D:9 |       0 |    2077 |   0.0 |       0 |      25 |   0.0 |   939
          D:10 |       0 |    3404 |   0.0 |       0 |      69 |   0.0 |  1135
          D:11 |       0 |    1128 |   0.0 |       0 |       4 |   0.0 |   173
               +---------+---------+-------+---------+---------+-------+---------
